 Dungeon Crawl Stone Soup version 0.24-a0-725-gf1a930fc54 (webtiles) character file.

Game seed: 11591079046822743151, levelgen mode: deterministic

310 2BsUSBport the Ruffian (level 6, -4/48 HPs)
             Began as a Demonspawn Berserker on Oct 1, 2019.
             Was a Priest of Trog.
             Killed by divine providence
             ... invoked by an orc priest
              (11 damage)
             ... on level 4 of the Dungeon.
             The game lasted 00:10:12 (3503 turns).

2BsUSBport the Ruffian (Demonspawn Berserker)       Turns: 3503, Time: 00:10:12

Health: -4/48      AC:  2    Str: 20    XL:     6   Next: 18%
Magic:  6/6        EV: 13    Int:  8    God:    Trog [***...]
Gold:   173        SH:  0    Dex: 12    Spells: 5/5 levels left

rFire    . . .     SeeInvis .     - Unarmed
rCold    . . .     Gourm    .   (no shield)
rNeg     . . .     Faith    .   a - +0 animal skin
rPois    .         Spirit   .   (helmet restricted)
rElec    .         Reflect  .   (no cloak)
rCorr    .         Harm     .   (no gloves)
MR       ++...                  (no boots)
Stlth    ++........             (no amulet)
HPRegen  1.16/turn              (no ring)
MPRegen  0.10/turn              (no ring)

@: lethally poisoned (-4 -> -4), berserk cooldown, regenerating, slowed, very
slow
A: antennae 1, powered by pain 1, spiny 1
a: Berserk, Trog's Hand, Renounce Religion


You were on level 4 of the Dungeon.
You worshipped Trog.
Trog was most pleased with you.
You were not hungry.

You visited 1 branch of the dungeon, and saw 4 of its levels.

You collected 173 gold pieces.

Inventory:

Armour
 a - a +0 animal skin (worn)
Jewellery
 k - an uncursed ring of stealth
Wands
 h - a wand of flame (11)
Scrolls
 c - a scroll of remove curse
 n - 2 scrolls of blinking
 p - a scroll of amnesia
Potions
 e - 3 potions of heal wounds {unknown}
 f - 2 potions of curing {unknown}
 g - a potion of mutation {unknown}
 i - a potion of magic {unknown}
 l - a potion of lignification {unknown}
 m - 2 potions of degeneration {unknown}


   Skills:
 + Level 4.2 Fighting
 + Level 2.0 Armour
 * Level 2.9 Dodging
 + Level 1.2 Stealth
 + Level 4.9 Unarmed Combat


You had 5 spell levels left.
You didn't know any spells.
Your spell library was empty.

Dungeon Overview and Level Annotations

Branches:
Dungeon (4/15)             Temple (0/1) D:4

Altars:
Cheibriados
Nemelex Xobeh
Ru


Innate Abilities, Weirdness & Mutations

You have a pair of small antennae on your head.
You sometimes gain a little power by taking damage.
You are partially covered in sharp spines.


Message History

You hit the scorpion.
The scorpion is severely wounded.
You feel sick. The scorpion is struck by your spines.
You kill the scorpion!
Trog accepts your kill.
You have reached level 6!
Your experience leads to an increase in your attributes!
Increase (S)trength, (I)ntelligence, or (D)exterity?
You feel stronger. The orc priest barely misses you.
Your skin crawls.
You feel resistant to hostile enchantments.
You feel somewhat more hungry. The orc priest hits you with a +0 club.
* * * LOW HITPOINT WARNING * * *
You closely miss the orc priest.
The orc priest is lightly wounded.
You feel sick. The orc priest closely misses you.
The orc priest invokes the aid of Beogh against you.
Beogh smites you!
You die...

######### .#
###.......# ...
.........#
...##........#
#..>........#
...........#
.##.#.$......##
......o@.......
###.###.#######
#.##.#.######
..###.....#
###.#.####[#
#........#.
#.:##......
#.....#..#.
#..#.......


You could see an orc priest.

Vanquished Creatures
  A centaur (D:2)
  A scorpion (D:4)
  A hound (D:4)
  5 adders
  2 oozes (D:1)
  A worm (D:2)
  3 dart slugs (D:2)
  2 leopard geckos
  13 orcs (D:3)
  3 giant cockroaches
  9 goblins
  3 hobgoblins
  2 jackals (D:4)
  10 kobolds
  A quokka (D:2)
  2 ball pythons
  9 bats
  5 frilled lizards
  8 rats
81 creatures vanquished.

Notes
Turn   | Place    | Note
-------+----------+-------------------------------------------
     0 | D:1      | 2BsUSBport the Demonspawn Berserker began the quest for the
                  | Orb.
     0 | D:1      | Reached XP level 1. HP: 18/18 MP: 1/1
   395 | D:1      | Gained mutation: You are partially covered in sharp spines.
                  | [demonic ancestry]
   395 | D:1      | Reached XP level 2. HP: 23/24 MP: 2/2
   984 | D:2      | Gained mutation: You have a pair of small antennae on your
                  | head. [demonic ancestry]
   984 | D:2      | Reached XP level 3. HP: 27/29 MP: 3/3
  1026 | D:2      | Reached ** piety under Trog
  1402 | D:2      | Noticed a centaur
  1412 | D:2      | Killed a centaur
  1412 | D:2      | Reached XP level 4. HP: 4/37 MP: 4/4
  1412 | D:2      | Gained mutation: You sometimes gain a little power by
                  | taking damage. [demonic ancestry]
  1412 | D:2      | Reached XP level 5. HP: 5/42 MP: 5/5
  1692 | D:2      | Found a snail-covered altar of Cheibriados.
  2794 | D:3      | Reached *** piety under Trog
  2822 | D:3      | Found a sparkling altar of Nemelex Xobeh.
  3420 | D:4      | Found a sacrificial altar of Ru.
  3484 | D:4      | Found a staircase to the Ecumenical Temple.
  3491 | D:4      | Reached skill level 1 in Stealth
  3501 | D:4      | Reached XP level 6. HP: 7/48 MP: 6/6
  3503 | D:4      | Killed from afar by an orc priest

Levels and vault maps discovered:
D:1:      erik_arrival_gehennom, layout_basic
D:2:      layout_loops_corners, kennysheep_slug_shrine
D:3:      layout_basic, nemelex_spade_bored_becter
D:4:      layout_loops_cross, nicolae_ru_sacrificial_ziggurat,
          minmay_temple_entry_proselytizer, st_stairs_2

Skill      XL: |  1  2  3  4  5 |
---------------+----------------+-----
Unarmed Combat | 3 4 |  4.9
Dodging        | 2 |  2.9
Fighting       | 4 |  4.2
Armour         | 2 |  2.0
Stealth        | 1 |  1.2

Action                   |  1- 3 |  4- 6 || total
-------------------------+-------+-------++-------
Melee: Unarmed           |    85 |   102 ||   187
       Punch             |     2 |     1 ||     3
Invok: Berserk           |       |     1 ||     1
       Trog's Hand       |       |     1 ||     1
  Use: Scroll            |       |     7 ||     7
 Stab: Sleeping          |     2 |     2 ||     4
  Eat: Ration            |     1 |     2 ||     3
Armor: Animal skin       |     7 |    15 ||    22
Dodge: Dodged            |    49 |    49 ||    98

Table legend:
 A = Non-vault XP
 B = Vault XP
 C = Vault XP percentage of total XP
 D = Non-vault monster count
 E = Vault monster count
 F = Vault count percentage of total count
                 A         B        C        D         E       F
            +---------+---------+-------+---------+---------+-------
      Total |     421 |      23 |   5.2 |      75 |       6 |   7.4
            +---------+---------+-------+---------+---------+-------
        D:1 |      20 |      19 |  48.7 |      14 |       5 |  26.3
        D:2 |     210 |       4 |   1.9 |      31 |       1 |   3.1
        D:3 |      59 |       0 |   0.0 |      25 |       0 |   0.0
        D:4 |     132 |       0 |   0.0 |       5 |       0 |   0.0
            +---------+---------+-------+---------+---------+-------
